 Dungeon Crawl Stone Soup version 0.31-a0-844-gdc52ec4e09 (webtiles) character file.

Game seed: 5254929495434000505

58 BinkBink the Trooper (level 4, -1/29 HPs)
             Began as a Gargoyle Fighter on Sept 30, 2023.
             Killed by divine providence
             ... invoked by an orc priest
              (15 damage)
             ... on level 4 of the Dungeon.
             The game lasted 00:03:18 (1527 turns).

BinkBink the Trooper (Gargoyle Fighter)             Turns: 1527, Time: 00:03:19

Health: -1/29      AC: 12    Str: 22    XL:     4   Next: 1%
Magic:  4/4        EV:  9    Int:  8    God:
Gold:   175        SH:  4    Dex:  9    Spells: 3/3 levels left

rFire   . . .        a - +0 flail
rCold   . . .        c - +0 buckler
rNeg    + . .        b - +0 scale mail
rPois   ∞            (no helmet)
rElec   +            n - +0 cloak
rCorr   .            e - +0 pair of gloves
SInv    .            (no boots)
Will    .....        (no amulet) Stlth
                     (no ring)
HPRegen 0.24/turn    (no ring)
MPRegen 0.09/turn

%: no passive effects
@: no status effects
A: sickness immunity, AC +3, negative energy resistance 1, electricity
resistance, torment resistance 1, petrification resistance
a: no special abilities


You were on level 4 of the Dungeon.
You visited 1 branch of the dungeon, and saw 4 of its levels.

You collected 175 gold pieces.

Inventory:

Hand Weapons
 a - a +0 flail (weapon)
Armour
 b - a +0 scale mail (worn)
 c - a +0 buckler (worn)
 e - a +0 pair of gloves (worn)
 n - a +0 cloak (worn)
Jewellery
 q - a ring of flight
Talismans
 p - a storm talisman
Scrolls
 f - a scroll of blinking {unknown}
 g - 2 scrolls of teleportation {unknown}
 i - a scroll of amnesia {unknown}
 j - a scroll of immolation {unknown}
 k - 2 scrolls of identify {unknown}
Potions
 d - a potion of might
 h - a potion of magic {unknown}
 l - a potion of heal wounds {unknown}
 m - a potion of curing {unknown}
 o - a potion of degeneration {unknown}


   Skills:
 + Level 3.9 Fighting
 + Level 2.6 Maces & Flails
 + Level 3.8 Armour
 + Level 3.8 Shields


You had 3 spell levels left.
You didn't know any spells.
Your spell library contained the following spells:

 Spells                   Type           Power      Damage    Failure   Level
 Anguish                  Hex/Necr       0%         N/A       100%        4
 Cause Fear               Hex            0%         N/A       100%        4
 Enfeeble                 Hex            0%         N/A       100%        7


Dungeon Overview and Level Annotations

Branches:
Dungeon (4/15)
 Temple: D:4-7

Altars:
Nemelex Xobeh

Shops:
D:1 *

Annotations:
D:3 Sigmund


Innate Abilities, Weirdness & Mutations

You are immune to sickness and miasma.
Your stone body is resilient. (AC +3)
You are immune to poison.
You resist negative energy. (rN+)
You are resistant to electric shocks. (rElec)
You are resistant to unholy torment.
You are immune to petrification.


Message History

Okay, then.
Sigmund casts a spell at you.
The magic dart hits you but does no damage.
There is a stone staircase leading down here.
You climb downwards.
Found 9 gold pieces and 4 stones.
There is a stone staircase leading up here.
You now have 175 gold pieces (gained 9).
You open the door. 2 orcs and an iguana come into view.
The orc shouts! x2; The iguana hisses angrily.
You hear a shout!
An orc comes into view. It is wielding a +0 mace.
The orc moves out of view.
There is an open door here.
There are monsters nearby!
The orc shouts!
A kobold comes into view. It is wielding a +1 whip of draining.
You hit the iguana.
The iguana is lightly wounded.
The iguana bites you.
You closely miss the iguana.
The iguana is lightly wounded.
The iguana completely misses you.
You closely miss the iguana.
The iguana is lightly wounded.
The iguana bites you!
The iguana bites you but does no damage.
You hit the iguana.
The iguana is moderately wounded.
The iguana bites you.
An orc priest comes into view. It is wielding a +0 club.
You are too injured to fight recklessly!
You are too injured to fight recklessly!
You are too injured to fight recklessly!
The orc priest shouts!
The iguana attacks as it pursues you! The iguana barely misses you.
The orc priest calls down the wrath of Beogh upon you.
Beogh smites you!
Ouch! That really hurt!
You die...

#...K. ....o
#.... #...o
#.o.. +....'
.#
#...o#######.#
+....ol......#
#....##@.....#
#.#####.####.#
#............#
#######......#
....(......<.#
#######.#.##.#
#.#..#.#
#.##.#.#
#.##...#


You could see an iguana, an orc priest and 2 orcs.

Vanquished Creatures
  A worm (D:3)
  A dart slug (D:1)
  7 ball pythons
  7 bats
  6 endoplasms
  5 hobgoblins
  3 jackals (D:1)
  2 frilled lizards (D:1)
  3 goblins
  10 kobolds
  6 rats
51 creatures vanquished.

Notes
Turn   | Place    | Note
-------+----------+-------------------------------------------
     0 | D:1      | BinkBink the Gargoyle Fighter began the quest for the Orb.
     0 | D:1      | Reached XP level 1. HP: 14/14 MP: 1/1
    31 | D:1      | Found Plog's General Store.
   164 | D:1      | Reached XP level 2. HP: 19/19 MP: 2/2
   435 | D:1      | Reached XP level 3. HP: 23/23 MP: 3/3
  1273 | D:3      | Noticed Sigmund
  1364 | D:3      | Found a sparkling altar of Nemelex Xobeh.
  1414 | D:3      | Reached XP level 4. HP: 29/29 MP: 4/4
  1527 | D:4      | Killed from afar by an orc priest

Illustrated notes

Levels and vault maps discovered:
D:1:      minmay_arrival_semitransparent, layout_loops_ring, serial_shops,
          nicolae_shop_tiny_glass
D:2:      layout_basic, kennysheep_generic_room_4
D:3:      layout_rooms, lemuel_round_altar, uniq_sigmund
D:4:      layout_basic, mainiacjoe_overflow_concentric_impassable

Action                     |  1- 3 |  4- 6 || total
---------------------------+-------+-------++-------
  Melee: Flail             |   182 |     5 ||   187
 Armour: Scale mail        |   161 |     5 ||   166
  Dodge: Dodged            |    94 |     3 ||    97
  Block: Buckler           |    39 |       ||    39

Table legend: (Time is in decaauts)
 A = Elapsed time spent in this place.
 B = Non-inter-level travel time spent in this place.
 C = Inter-level travel time spent in this place.
 D = Time resting spent in this place.
 E = Time spent auto-exploring this place.
 F = Levels seen in this place.
 G = Mean time per level.
                   A        B        C        D        E       F      G
               +--------+--------+--------+--------+--------+-----+--------+
         Total |   1586 |   1500 |     86 |      0 |   1020 |   4 |  396.5 |
       Dungeon |   1586 |   1500 |     86 |      0 |   1020 |   4 |  396.5 |
               +--------+--------+--------+--------+--------+-----+--------+

Top non-repeatable levels by time:
     D:1: 793 daAuts
     D:2: 494 daAuts
     D:3: 269 daAuts
     D:4: 28 daAuts
